 Dungeon Crawl Stone Soup version 0.27-a0-1513-g2aaa0cc67b (webtiles) character file.

Game seed: 7228608919618601899

152721 blackman the Devastator (level 17, -15/144 HPs)
             Began as a Yellow Draconian Conjurer on July 7, 2021.
             Was an Initiate of Gozag.
             Demolished by a ghoul (23 damage)
             ... on level 3 of the Swamp on July 9, 2021.
             The game lasted 04:31:03 (71869 turns).

blackman the Devastator (DrCj)                     Turns: 71869, Time: 04:31:04

Health: -15/144    AC: 13    Str:  6    XL:     17   Next: 3%
Magic:  14/42      EV: 15    Int: 27    God:    Gozag
Gold:   1339       SH:  4    Dex: 11    Spells: 11/40 levels left

rFire    . . .     SeeInvis +   O - staff of air
rCold    . . .     Faith    .   R - +0 buckler
rNeg     + . .     Spirit   .   (armour unavailable)
rPois    +         Reflect  .   T - +1 hat {SInv}
rElec    +         Harm     .   n - +0 cloak
rCorr    +         Rampage  .   (no gloves)
Will     +....                  B - +1 pair of boots
Stlth    ++........             M - amulet of magic regeneration
HPRegen  0.34/turn              I - ring of magical power
MPRegen  0.53/turn              G - ring "Cahurch" {rPois rN+ Str-4 Int+3}

@: about to teleport, slowed, very slow
A: spit acid, AC +9, unfitting armour, acidic bite, cold-blooded, acid
resistance
a: Breathe Acid, Renounce Religion, Potion Petition, Call Merchant, Bribe Branch


You were on level 3 of the Swamp.
You worshipped Gozag.
Gozag was most pleased with you.
You visited 5 branches of the dungeon, and saw 27 of its levels.
You also visited: Volcano.

You collected 10338 gold pieces.
You spent 3967 gold pieces at shops.
You paid 5032 gold pieces to Gozag.

Inventory:

Hand Weapons
 m - the +9 trident of Courage {venom, rPois rF+ rN+ Dex-4}
   (You took it off a spriggan on level 2 of the Swamp)

   It poisons the flesh of those it strikes.
   Dex:       It affects your dexterity (-4).
   rF:        It protects you from fire.
   rPois:     It protects you from poison.
   rN:        It protects you from negative energy.
 X - the +8 glaive of the Guard {elec, spectral, AC+5}
   (You found it on level 14 of the Dungeon)

   Occasionally, upon striking a foe, it can discharge electrical energy and
   cause terrible harm.
   When it strikes, its spirit leaps out and fights alongside the wielder.
   AC:        It affects your AC (+5).
Missiles
 C - 8 curare-tipped darts
 Q - a throwing net
 W - 109 poisoned darts
Armour
 n - a +0 cloak (worn)
 B - a +1 pair of boots (worn)
 R - a +0 buckler (worn)
 T - a +1 hat of see invisible (worn)
Magical Staves
 d - a staff of cold
 O - a staff of air (weapon)
Jewellery
 f - a ring of ice
 G - the ring "Cahurch" (right hand) {rPois rN+ Str-4 Int+3}
   (You bought it in a shop on level 9 of the Dungeon)

   [ring of positive energy]

   Str:       It affects your strength (-4).
   Int:       It affects your intelligence (+3).
   rPois:     It protects you from poison.
   rN:        It protects you from negative energy.
 I - a ring of magical power (left hand)
 M - an amulet of magic regeneration (around neck)
 U - an amulet of the acrobat
Wands
 w - a wand of digging (24)
 L - a wand of mindburst (8)
 N - a wand of acid (16)
 Y - a wand of flame (19)
Scrolls
 a - 4 scrolls of torment
 b - 4 scrolls of fear
 e - 5 scrolls of enchant weapon
 g - 5 scrolls of enchant armour
 h - 4 scrolls of immolation
 l - 2 scrolls of summoning
 p - 5 scrolls of noise
 q - 3 scrolls of magic mapping
 x - 8 scrolls of teleportation
 y - 2 scrolls of blinking
 A - 5 scrolls of amnesia
 F - 4 scrolls of identify
 J - 2 scrolls of holy word
 K - 2 scrolls of vulnerability
 S - 5 scrolls of fog
Potions
 c - 2 potions of magic
 i - a potion of cancellation
 k - 5 potions of lignification
 o - 4 potions of flight
 r - 8 potions of brilliance
 t - 2 potions of mutation
 u - 4 potions of might
 v - a potion of berserk rage
 z - 3 potions of attraction
 D - 3 potions of invisibility
 P - 5 potions of haste
 V - 9 potions of curing
Miscellaneous
 s - a phantom mirror
 E - a piece from Xom's chessboard (15/15)


   Skills:
 - Level 11.3 Fighting
 - Level 9.3 Dodging
 - Level 2.1 Stealth
 - Level 4.0 Shields
 - Level 12.4 Spellcasting
 - Level 15.0 Conjurations
 - Level 1.1 Summonings
 - Level 2.6 Ice Magic
 - Level 12.4 Air Magic
 - Level 13.2 Earth Magic
 * Level 5.5 Evocations


You had 11 spell levels left.
You knew the following spells:

 Your Spells              Type           Power      Damage    Failure   Level
a - Magic Dart            Conj           100%       1d8       0%          1
b - Searing Ray           Conj           100%       3d7       0%          2
c - Iskenderun's Mystic   Conj/Tloc      55%        2d12      1%          4
d - Fulminant Prism       Conj/Hex       27%        3d14      1%          4
e - Sticky Flame          Conj/Fire      55%        2d7       1%          4
f - Mephitic Cloud        Conj/Pois/Air  78%        N/A       1%          3
g - Freezing Cloud        Conj/Ice/Air   41%        6-21      1%          5
h - Iron Shot             Conj/Erth      37%        9d7       1%          6

Your spell library contained the following spells:

 Spells                   Type           Power      Damage    Failure   Level
 Summon Small Mammal      Summ           92%        N/A       1%          1
 Poisonous Vapours        Pois/Air       100%       N/A       1%          2
 Static Discharge         Conj/Air       94%        N/A       1%          2
 Dazzling Flash           Conj/Hex       100%       N/A       1%          3
 Airstrike                Air            45%        N/A       1%          4
 Hailstorm                Conj/Ice       59%        3d13      1%          4
 Iskenderun's Battlesphe  Conj           78%        2d13      1%          5
 Lightning Bolt           Conj/Air       47%        1d67      1%          5
 Leda's Liquefaction      Hex/Erth       25%        N/A       2%          4
 Sting                    Tmut/Pois      64%        1d6       3%          1
 Call Imp                 Summ           23%        N/A       3%          2
 Ensorcelled Hibernation  Hex/Ice        48%        N/A       3%          2
 Ozocubu's Armour         Ice            31%        N/A       3%          3
 Slow                     Hex            16%        N/A       4%          2
 Sublimation of Blood     Necr           8%         N/A       4%          2
 Wereblood                Tmut           16%        N/A       4%          2
 Irradiate                Conj/Tmut      27%        3d22      4%          5
 Call Canine Familiar     Summ           23%        N/A       6%          3
 Summon Guardian Golem    Hex/Summ       19%        N/A       8%          3
 Confusing Touch          Hex            16%        N/A       10%         3
 Gell's Gravitas          Tloc           8%         N/A       10%         3
 Portal Projectile        Hex/Tloc       32%        N/A       10%         3
 Spider Form              Tmut/Pois      8%         N/A       10%         3
 Teleport Other           Tloc           16%        N/A       10%         3
 Tukima's Dance           Hex            16%        N/A       10%         3
 Vampiric Draining        Necr           8%         2d7       10%         3
 Ice Form                 Ice/Tmut       24%        N/A       19%         4
 Dispel Undead            Necr           16%        3d10      32%         4
 Olgreb's Toxic Radiance  Pois           16%        N/A       32%         4
 Passage of Golubria      Tloc           N/A        N/A       32%         4
 Metabolic Englaciation   Hex/Ice        12%        N/A       47%         5
 Summon Forest            Summ/Tloc      9%         N/A       58%         5
 Summon Mana Viper        Hex/Summ       19%        N/A       58%         5
 Blade Hands              Tmut           8%         N/A       67%         5
 Yara's Violent Unravell  Hex/Tmut       8%         3d5       67%         5
 Spellforged Servitor     Conj/Summ      28%        N/A       71%         7
 Simulacrum               Ice/Necr       12%        N/A       96%         6
 Shadow Creatures         Summ           N/A        N/A       97%         6
 Dispersal                Tloc           8%         N/A       99%         6
 Dragon Form              Tmut           8%         N/A       100%        7
 Summon Hydra             Summ           11%        N/A       100%        7


Dungeon Overview and Level Annotations

Branches:
Dungeon (15/15)            Temple (1/1) D:7            Lair (6/6) D:9
  Swamp (3/4) Lair:2        Snake (0/4) Lair:2        Slime (0/5) Lair:6
    Orc (2/2) D:10            Elf (0/3) Orc:2        Vaults (0/5) D:14
 Depths (0/5) D:15        Volcano (visited)

Altars:
Ashenzari
Cheibriados
Dithmenos
Elyvilon
Fedhas
Gozag
Hepliaklqana
Kikubaaqudgha
Makhleb
Nemelex Xobeh
Okawaru
Qazlal
Ru
Sif Muna
Trog
Uskayaw
Vehumet
Wu Jian
Xom
Yredelemnul
Zin
The Shining One
Beogh

Shops:
D:7 (   D:9 :?:*=   Orc:2 ([?*

Annotations:
D:3 Sigmund
D:6 1 runed translucent door
Swamp:2 2 transporters, exclusion: orange crystal statue


Innate Abilities, Weirdness & Mutations

You can spit globs of acid.
Your golden yellow scales are hard. (AC +9)
You cannot fit into any form of body armour.
You have acidic saliva.
You are cold-blooded and may be slowed by cold attacks.
You are resistant to acid. (rCorr)


Message History

The sticky flame hits the bog body.
The bog body resists.
The bog body is heavily damaged.
The bog body is covered in liquid flames!
The bog body burns!
The bog body touches you. The bog body freezes you!! The bog body misses you.
The ghoul is no longer distracted by gold.
The ghoul is distracted by your dazzling golden aura.
The bog body burns! x2; The bog body stops burning.
The bog body closely misses you. The bog body touches you.
The bog body freezes you!!
Casting: Sticky Flame (mildly dangerous; 1% risk of failure)
Confirm with . or Enter, or press ? or * to list all spells.
Aiming: Sticky Flame (mildly dangerous; 1% risk of failure)
Press: ? - help, Shift-Dir - straight line, f/p - bog body
Aim: a bog body (moderately damaged, 100% to hit)
The sticky flame hits the bog body.
The bog body resists.
The bog body is heavily damaged.
The bog body is covered in liquid flames!
The bog body burns!
The bog body misses you.
Casting: Sticky Flame (mildly dangerous; 1% risk of failure)
Confirm with . or Enter, or press ? or * to list all spells.
You erupt in a blast of force!
The mystic blast hits the ghoul.
The ghoul is severely damaged.
The ghoul is knocked back by the mystic blast.
The ghoul slams into the tree!
The mystic blast hits the bog body.
The bog body is severely damaged.
The bog body is knocked back by the mystic blast.
The bog body burns! x2; The bog body stops burning.
The bog body points at you and mumbles some strange words.
The bolt of cold hits you!!
As you read the scroll of teleportation, it crumbles to dust.
You feel strangely unstable. The ghoul claws you!
* * * LOW HITPOINT WARNING * * *
The ghoul claws you!!
* * * LOW HITPOINT WARNING * * *
The bog body casts a spell at you. The bolt of cold misses you.
The ghoul claws you!!
You die...
Your body crumbles into a pile of gold.

♣≈♣≈≈≈≈§≈§≈..♣♣ ♣.≈
♣≈n$≈≈≈○§..≈≈♣ ♣♣.≈
♣♣.≈.≈≈≈≈..≈≈≈♣♣♣♣...
♣.≈...≈≈≈≈≈.≈≈≈.≈≈≈≈≈
♣♣.♣n≈≈≈≈≈≈≈..≈≈.≈≈≈≈
♣≈.....≈≈≈≈≈.....≈...
♣♣≈..>≈≈≈≈≈≈.........
♣♣♣.≈(n.≈≈≈≈≈≈..≈≈≈≈≈.≈
♣♣♣♣♣≈♣≈.≈@.≈≈≈≈≈≈.≈..≈.♣♣.
♣♣.♣♣≈......≈≈≈≈≈≈≈...§≈..≈.
♣♣♣♣.≈.≈.......≈≈≈≈≈≈....≈...≈(
♣♣.♣.♣............≈≈...≈.♣..♣.≈.
♣....≈≈≈...≈♣≈≈§....♣♣.♣♣♣♣♣♣♣♣♣
♣♣≈≈.......≈.≈.≈.≈♣♣♣♣♣♣
♣♣♣.♣♣...♣≈...♣≈♣♣
♣♣♣♣♣≈♣♣♣....♣♣ ♣♣.♣...≈♣♣


You could see 2 ghouls and a bog body.

Vanquished Creatures
  Saint Roka (Orc:2)
  Frances (D:13)
  Gastronok (D:9)
  Kirke (Swamp:2)
  A storm dragon (D:14)
  Louise (Swamp:2)
  3 bunyips
  A red draconian (Volcano)
  An eleionoma (Swamp:2)
  A boulder beetle (D:14)
  An ice dragon (Lair:3)
  14 hydras
  An ogre mage (D:15)
  An anaconda (shapeshifter) (D:14)
  4 centaur warriors
  10 two-headed ogres
  2 tengu warriors (D:15)
  8 death yaks
  A deep troll earth mage (D:14)
  5 alligators
  Urug (Lair:6)
  4 orc high priests (Orc:2)
  Sonja (D:12)
  A salamander mystic (Volcano)
  2 spriggan druids
  8 goliath frogs
  3 skeletal warriors (D:13)
  2 deep trolls (D:15)
  3 bog bodies
  2 swamp dragons
  A glowing orange brain (D:14)
  A wizard (D:15)
  Pikel (D:5)
  10 orc knights
  A deep elf pyromancer (D:15)
  A deep elf zephyrmancer (D:14)
  8 ugly things
  A wolf spider (shapeshifter) (D:15)
  10 cyclopes
  An oklob plant (Lair:5)
  2 wolf spiders
  5 orc sorcerers
  3 manticores
  A cyclops (shapeshifter) (D:14)
  4 salamanders (Volcano)
  The ghost of Atlas the Insei, a novice OpTm (D:6)
  A black mamba (shapeshifter) (D:14)
  An eye of devastation (Lair:6)
  4 gargoyles
  6 black mambas
  2 molten gargoyles (Volcano)
  2 torpor snails
  An ice statue (Lair:4)
  14 cane toads
  2 kobold demonologists
  8 rime drakes
  4 red devils (D:12)
  7 komodo dragons
  2 tengu conjurers (D:15)
  A jumping spider (shapeshifter) (D:14)
  3 meliai (D:15)
  6 tyrant leeches
  13 hornets
  9 polar bears
  6 trolls
  2 bloated husks (Swamp:2)
  17 slime creatures
  14 dream sheep
  21 blink frogs
  A slime creature (shapeshifter) (D:13)
  A spriggan (shapeshifter) (D:14)
  A vampire (D:13)
  21 spriggans
  3 shadows
  9 wyverns
  2 wraiths (D:12)
  61 yaks
  5 basilisks
  A basilisk (shapeshifter) (D:15)
  5 hogs (Swamp:2)
  2 steam dragons (D:8)
  5 vampire mosquitoes
  13 swamp worms
  4 wargs (Orc:2)
  A naga (Lair:2)
  An acid dragon (D:9)
  18 water moccasins
  A floating eye (Lair:5)
  3 hell hounds
  42 orc warriors
  7 ice beasts
  4 black bears
  3 necrophages
  5 boggarts
  14 ogres
  23 wolves
  7 centaurs
  A phantom (D:5)
  A lemure (D:5)
  7 kobold brigands
  16 bullfrogs
  4 gnoll sergeants
  A wyvern zombie (D:8)
  6 scorpions
  A water moccasin zombie (D:5)
  6 killer bees
  2 vampire bats (D:15)
  7 wights
  4 electric eels (Lair:2)
  3 howler monkeys (D:8)
  A lava snake (D:9)
  A bullfrog zombie (D:6)
  10 centaur zombies
  4 hounds
  2 jellies
  A bullfrog skeleton (D:5)
  28 orc priests
  4 iguanas
  22 orc wizards
  5 hell rats (D:14)
  5 killer bee zombies
  2 howler monkey zombies (D:8)
  14 adders
  18 gnolls
  A shadow imp (D:5)
  2 white imps (Lair:4)
  3 ufetubi
  6 worms
  A dart slug (D:4)
  105 orcs
  7 ball pythons
  9 bats
  6 endoplasms
  5 giant cockroaches
  14 goblins
  14 hobgoblins
  9 jackals
  21 kobolds
  6 quokkas
  6 frilled lizards
  2 rats
  2 fulminant prisms
941 creatures vanquished.

Vanquished Creatures (others)
  A cyclops (Volcano)
  2 humans (Swamp:2)
  An electric eel (Lair:2)
  3 bushes
  131 fulminant prisms
  78 fungi
  90 plants
306 creatures vanquished.

Grand Total: 1247 creatures vanquished

Notes
Turn   | Place    | Note
-------+----------+-------------------------------------------
     0 | D:1      | blackman the Draconian Conjurer began the quest for the
                  | Orb.
     0 | D:1      | Reached XP level 1. HP: 14/14 MP: 3/3
   720 | D:1      | Reached XP level 2. HP: 18/20 MP: 1/5
  1600 | D:2      | Reached XP level 3. HP: 26/26 MP: 1/6
  2171 | D:2      | Reached skill level 5 in Conjurations
  2525 | D:2      | Found a faded altar of an unknown god.
  2527 | D:2      | Reached XP level 4. HP: 33/33 MP: 5/7
  3265 | D:2      | Noticed a necrophage
  3310 | D:2      | Killed a necrophage
  3311 | D:2      | Reached skill level 6 in Conjurations
  3311 | D:2      | Reached XP level 5. HP: 21/38 MP: 0/9
  3707 | D:2      | Learned a level 2 spell: Searing Ray
  4200 | D:3      | Reached XP level 6. HP: 45/45 MP: 3/10
  4316 | D:3      | Noticed Sigmund
  4757 | D:3      | Found a burning altar of Makhleb.
  5513 | D:4      | Reached skill level 7 in Conjurations
  5818 | D:4      | Your scales start taking on a golden yellow colour.
  5818 | D:4      | Reached XP level 7. HP: 8/50 MP: 9/12
  5818 | D:4      | Gained mutation: You are resistant to acid. (rCorr) [Yellow
                  | Draconian growth]
  6566 | D:4      | Found a sparkling altar of Nemelex Xobeh.
  7058 | D:5      | Entered Level 5 of the Dungeon
  7076 | D:5      | Reached skill level 8 in Conjurations
  7827 | D:5      | Reached skill level 9 in Conjurations
  8408 | D:5      | Reached XP level 8. HP: 57/57 MP: 8/14
  8468 | D:5      | Found a stormy altar of Qazlal.
  9063 | D:5      | Reached skill level 10 in Conjurations
  9438 | D:5      | Noticed Pikel
  9444 | D:5      | Killed Pikel
  9445 | D:5      | Reached skill level 11 in Conjurations
 10171 | D:6      | Learned a level 4 spell: Iskenderun's Mystic Blast
 10176 | D:6      | Learned a level 4 spell: Fulminant Prism
 10418 | D:6      | Reached XP level 9. HP: 48/62 MP: 13/15
 10496 | D:6      | Found a runed translucent door.
 10577 | D:6      | Reached skill level 1 in Fighting
 10577 | D:6      | Reached skill level 1 in Shields
 10879 | D:6      | Found a runed translucent door.
 10880 | D:6      | Noticed Atlas's ghost (novice OpTm)
 10989 | D:6      | Killed Atlas's ghost
 10990 | D:6      | Reached skill level 5 in Spellcasting
 11249 | D:6      | Learned a level 4 spell: Sticky Flame
 11927 | D:7      | Found a staircase to the Ecumenical Temple.
 11986 | Temple   | Entered the Ecumenical Temple
 12240 | D:7      | Found Jaenany's Antique Weapon Shop.
 12681 | D:7      | Found a glowing silver altar of Zin.
 12681 | D:7      | Found a shimmering altar of Xom.
 12682 | D:7      | Noticed an angel
 13375 | D:7      | Learned a level 3 spell: Mephitic Cloud
 13517 | D:7      | Identified the +4 hunting sling "Keorgh" {flame, rF- Str+5}
 13739 | Temple   | Became a worshipper of Gozag Ym Sagoz the Greedy
 14964 | D:8      | Reached XP level 10. HP: 75/80 MP: 19/19
 15246 | D:8      | Found a basalt altar of Yredelemnul.
 15983 | D:9      | Reached skill level 5 in Fighting
 15986 | D:9      | Reached skill level 12 in Conjurations
 16051 | D:9      | Noticed a two-headed ogre
 16064 | D:9      | Killed a two-headed ogre
 17237 | D:9      | Noticed a four-headed hydra
 17253 | D:9      | Killed a four-headed hydra
 17622 | D:9      | Noticed a soul eater
 18153 | D:9      | Reached skill level 13 in Conjurations
 18350 | D:9      | Found a staircase to the Lair.
 18410 | D:9      | Noticed Gastronok
 18917 | D:9      | HP: 6/126 [poisoned by a kobold brigand (curare-tipped
                  | dart)]
 19437 | D:9      | Reached XP level 11. HP: 87/91 MP: 22/22
 19879 | D:9      | Killed Gastronok
 20242 | D:10     | Entered Level 10 of the Dungeon
 20911 | D:10     | Found a radiant altar of Vehumet.
 20911 | D:10     | Found a snail-covered altar of Cheibriados.
 20913 | D:10     | Found a glowing golden altar of the Shining One.
 21012 | D:10     | Found a shimmering blue altar of Sif Muna.
 21012 | D:10     | Found a bloodstained altar of Trog.
 21013 | D:10     | Found a stormy altar of Qazlal.
 21015 | D:10     | Found an iron altar of Okawaru.
 21186 | D:10     | Found a staircase to the Orcish Mines.
 22060 | D:11     | Reached skill level 14 in Conjurations
 24005 | D:12     | Noticed a two-headed ogre
 24026 | D:12     | Killed a two-headed ogre
 24027 | D:12     | Reached XP level 12. HP: 103/103 MP: 13/25
 24317 | D:12     | Noticed Sonja
 24330 | D:12     | Killed Sonja
 25986 | D:12     | Noticed a six-headed hydra
 25993 | D:12     | Killed a six-headed hydra
 25994 | D:12     | Reached skill level 15 in Conjurations
 26259 | D:12     | Reached skill level 1 in Air Magic
 26259 | D:12     | Reached skill level 1 in Evocations
 26745 | D:9      | Bought a book of Power for 588 gold pieces
 26773 | D:9      | Learned a level 5 spell: Iskenderun's Battlesphere
 26892 | Lair:1   | Entered Level 1 of the Lair of Beasts
 27105 | Lair:1   | Identified the +6 flail "Uxayn" {vamp, rF+}
 27235 | Lair:1   | Reached skill level 1 in Summonings
 27235 | Lair:1   | Reached skill level 1 in Earth Magic
 27445 | Lair:1   | Reached skill level 1 in Ice Magic
 28124 | Lair:2   | Reached skill level 5 in Air Magic
 28310 | Lair:2   | Found a dark tunnel.
 28317 | Volcano  | Entered a volcano
 28344 | Volcano  | Reached skill level 10 in Spellcasting
 28530 | Volcano  | Learned a level 6 spell: Iron Shot
 28940 | Volcano  | Reached XP level 13. HP: 111/111 MP: 20/27
 28962 | Volcano  | Noticed a red draconian
 28971 | Volcano  | Killed a red draconian
 29023 | Volcano  | Reached skill level 5 in Earth Magic
 29616 | Volcano  | Noticed an orb of fire
 29654 | Volcano  | Noticed an orb of fire
 30648 | Lair:2   | Found a staircase to the Snake Pit.
 30856 | Lair:2   | Found a staircase to the Swamp.
 32665 | D:9      | Bought the Grimoire of Feathers for 476 gold pieces
 32673 | D:9      | Learned a level 5 spell: Freezing Cloud
 33790 | Lair:3   | Identified a scroll of acquirement
 33790 | Lair:3   | Acquired 802 gold pieces
 36626 | Lair:4   | Gained mutation: You have acidic saliva. [Yellow Draconian
                  | growth]
 36626 | Lair:4   | Reached XP level 14. HP: 73/118 MP: 12/30
 36933 | Lair:5   | Found a sparkling altar of Nemelex Xobeh.
 37885 | Lair:4   | Upgraded the game from 0.27-a0-1500-g450c7e4133 to
                  | 0.27-a0-1513-g2aaa0cc67b
 39292 | Lair:6   | Entered Level 6 of the Lair of Beasts
 39293 | Lair:6   | Noticed Urug
 39301 | Lair:6   | Killed Urug
 42031 | Lair:6   | Reached skill level 5 in Dodging
 42953 | Lair:6   | Identified the +3 hand crossbow of the Bespelling Blowfly
                  | {vorpal, rN+ Str+4}
 43352 | Lair:6   | Paralysed by a floating eye for 2 turns
 43360 | Lair:6   | Paralysed by a floating eye for 3 turns
 43367 | Lair:6   | Paralysed by a floating eye for 4 turns
 44081 | Lair:6   | Reached skill level 10 in Earth Magic
 44085 | Lair:6   | Found a staircase to the Slime Pits.
 45301 | D:9      | Bought a scroll of identify for 28 gold pieces
 45301 | D:9      | Bought a scroll of identify for 28 gold pieces
 45301 | D:9      | Bought a scroll of teleportation for 42 gold pieces
 45704 | Orc:1    | Entered Level 1 of the Orcish Mines
 46628 | Orc:2    | Entered Level 2 of the Orcish Mines
 47977 | Orc:2    | Reached XP level 15. HP: 115/124 MP: 4/31
 49754 | Orc:2    | Found a staircase to the Elven Halls.
 49966 | Orc:2    | Noticed Saint Roka
 51914 | Orc:2    | Killed Saint Roka
 53385 | Orc:2    | Found Efiem Mucs's Antique Armour Boutique.
 53718 | Orc:2    | Found Deenn's Antique Weapon Shop.
 53727 | Orc:2    | Bought an ichor-stained scimitar for 324 gold pieces
 53727 | Orc:2    | Identified the +3 scimitar of Kitt {venom, Str+4 Dex+4}
                  | (You bought it in a shop on level 2 of the Orcish Mines)
 53727 | Orc:2    | Bought a masterwork dagger for 252 gold pieces
 53727 | Orc:2    | Identified the +6 dagger "Akenyn" {vorpal, Will+ SInv} (You
                  | bought it in a shop on level 2 of the Orcish Mines)
 54255 | Orc:2    | Found Leug's Magic Scroll Boutique.
 54302 | Orc:2    | Bought a scroll of teleportation for 39 gold pieces
 54302 | Orc:2    | Bought a scroll of fog for 26 gold pieces
 54302 | Orc:2    | Bought a scroll of acquirement for 676 gold pieces
 54302 | Orc:2    | Bought a scroll of identify for 26 gold pieces
 54317 | Orc:2    | Acquired a +2 demon trident of venom
 54328 | Orc:2    | Found Cuaplud's Assorted Antiques.
 54691 | Orc:2    | Bought a potion of brilliance for 76 gold pieces
 54691 | Orc:2    | Bought a scroll of torment for 142 gold pieces
 54691 | Orc:2    | Bought a scroll of identify for 38 gold pieces
 56173 | D:13     | Reached skill level 10 in Air Magic
 56319 | D:13     | Noticed Frances
 56327 | D:13     | Killed Frances
 59966 | D:14     | Found a gate to the Vaults.
 60042 | D:14     | Noticed a storm dragon
 60045 | D:14     | Reached XP level 16. HP: 133/133 MP: 15/32
 60839 | D:14     | Killed a storm dragon
 61109 | D:14     | Found the +8 glaive of the Guard {elec, spectral, AC+5}
 61665 | D:15     | Entered Level 15 of the Dungeon
 63104 | D:15     | Found a staircase to the Depths.
 63952 | D:15     | Identified the +3 leather armour of the Iron City of Dis
                  | {+Blink}
 64203 | D:15     | Found a white marble altar of Elyvilon.
 64891 | D:9      | Bought a potion of flight for 51 gold pieces
 64891 | D:9      | Bought a potion of brilliance for 68 gold pieces
 64891 | D:9      | Bought a phantom mirror for 680 gold pieces
 65023 | D:9      | Bought the ring "Cahurch" {rPois rN+ Str-4 Int+3} for 407
                  | gold pieces
 65247 | Swamp:1  | Entered Level 1 of the Swamp
 65321 | Swamp:1  | Reached skill level 10 in Fighting
 66799 | Swamp:1  | Identified the +1 chain mail of Silly Contentment {rPois
                  | Str+3}
 67906 | Swamp:2  | Noticed Louise
 68283 | Swamp:2  | Killed Louise
 68394 | Swamp:2  | Noticed Kirke
 68915 | Swamp:2  | Killed Kirke
 69417 | Swamp:2  | Identified the +9 trident of Courage {venom, rPois rF+ rN+
                  | Dex-4}
 69989 | Swamp:2  | Found a transporter.
 69992 | Swamp:2  | Found a transporter.
 69997 | Swamp:2  | Noticed a tentacled monstrosity
 70915 | Swamp:2  | Reached skill level 5 in Evocations
 70915 | Swamp:2  | Reached XP level 17. HP: 52/144 MP: 1/33
 71868 | Swamp:3  | HP: 7/144 [ghoul (22)]
 71869 | Swamp:3  | Demolished by a ghoul

Illustrated notes

Levels and vault maps discovered:
D:1:      nicolae_arrival_somewhat_less_tricky_arrival, layout_loops_ring
D:2:      layout_rooms, hellmonk_ecumenical_altar_pennies_from_heaven,
          cheibrodos_gnoll_hut
D:3:      layout_loops_ring, lightli_temple_of_fire, uniq_sigmund
D:4:      cheibrodos_greedy_goblins, layout_loops_ring,
          nemelex_diamond_rough_becter, portal_sewer_entry_f
D:5:      layout_basic, hangedman_decor_growths, fountainhead,
          minmay_ruined_shrine, uniq_pikel
D:6:      minmay_spotlight, layout_loops_cross, ebering_ghost_sewer_f
D:7:      layout_loops_ring, grunt_temple_overflow_order_and_chaos_1,
          minmay_temple_entry_wispy, serial_shops, nicolae_shop_window_shopping,
          minmay_misc_feat_ornament
D:8:      layout_loops_corners, nicolae_yredelemnul_corpse_copse
D:9:      layout_roguey, grunt_lair_entry_orc_guard_hut,
          kennysheep_decorative_pillar, uniq_gastronok
D:10:     layout_gridville, minitemple, kennysheep_orc_monster_closet_entryway
D:11:     layout_basic, lemuel_old_faithful
D:12:     layout_roguey, enter_bailey_3, einodemon_armed_red_devil_minivault,
          uniq_sonja
D:13:     layout_cave_pods, uniq_frances
D:14:     minmay_guarded_unrand_guard, layout_cave_pools, david_vaults_2,
          special_room [special_room_mythical_zoo],
          hangedman_abyss_or_decor_clamps
D:15:     hangedman_depths_entry_civil_slaughter, layout_long_grid,
          serial_park_gazebo [serial_park_minivault_5x5_6],
          corexii_leaking_fountain, roderic_batcave,
          minmay_fractal_squares_gapless_5
Temple:   zaba_magenta_temple
Lair:1:   layout_roguey, minivault_25, serial_bayou_shore_b, grunt_megastairs_3,
          lemuel_fruit_tree
Lair:2:   layout_roguey, minmay_swamp_entry_eels, guppyfry_snake_entry_island,
          enter_volcano_3
Lair:3:   layout_roguey, grunt_megastairs_1
Lair:4:   beast_lair_carwin_large_1, layout_regular_city, ice2_lemuel
Lair:5:   layout_cave_pods, lemuel_oklob_altar
Lair:6:   minmay_lair_end_enchanted_forest, layout_regular_city,
          minmay_slime_entry_eyes, st_stairs_6, uniq_urug
Swamp:1:  layout_basic_swamp, nicolae_swamp_oxbows
Swamp:2:  gammafunk_sealed_arena, layout_basic_swamp, serial_swamp_ruin,
          hangedman_swamp_ruin_wall, evilmike_swamp_ruin_house_4,
          evilmike_swamp_ruin_rubble_2, swamp_pool3,
          nicolae_swamp_feature_on_the_river_bank, uniq_kirke, uniq_louise
Swamp:3:  layout_basic_swamp, evilmike_swamp_ruin_rubble_1,
          infiniplex_staircase_pool
Orc:1:    layout_caves, serial_shops, shop_statue, lemuel_statue_altar
Orc:2:    pubby_orc_utopia

Skill      XL: |  1  2  3  4  5  6  7  8  9 10 11 12 13 14 15 16 |
---------------+-------------------------------------------------+-----
Dodging        | 2 6 7 9 |  9.3
Stealth        | 2 |  2.1
Conjurations   | 5 6 7 9 11 13 14 15 | 15.0
Spellcasting   | 3 4 6 7 9 10 12 | 12.4
Fighting       | 4 6 8 9 11 | 11.3
Shields        | 4 |  4.0
Air Magic      | 5 6 9 11 12 | 12.4
Evocations     | 2 5 |  5.5
Summonings     | 1 |  1.1
Earth Magic    | 3 7 10 12 13 | 13.2
Ice Magic      | 2 |  2.6

Action                   |  1- 3 |  4- 6 |  7- 9 | 10-12 | 13-15 | 16-18 || total
-------------------------+-------+-------+-------+-------+-------+-------++-------
Melee: Unarmed           |    12 |       |       |       |       |       ||    12
       Staff             |    31 |    33 |       |       |    56 |    13 ||   133
       Tailslap          |     3 |     6 |    12 |    28 |     7 |       ||    56
       Dagger            |       |    17 |    93 |   178 |       |       ||   288
       Halberd           |       |    17 |       |       |       |       ||    17
       Flail             |       |       |       |     4 |    18 |       ||    22
       Bite              |       |       |       |       |     3 |       ||     3
       Demon trident     |       |       |       |       |    19 |       ||    19
Throw: Throwing net      |       |       |       |     1 |       |       ||     1
       Dart              |       |       |       |     2 |     5 |       ||     7
 Cast: Magic Dart        |    58 |   102 |    65 |    78 |    76 |     9 ||   388
       Searing Ray       |       |    10 |    30 |    50 |    17 |     3 ||   110
       Iskenderun's Myst |       |       |     9 |    74 |   135 |    49 ||   267
       Fulminant Prism   |       |       |     9 |    61 |    52 |    12 ||   134
       Sticky Flame      |       |       |     4 |    26 |    72 |    11 ||   113
       Mephitic Cloud    |       |       |       |    35 |    44 |     5 ||    84
       Iskenderun's Batt |       |       |       |     9 |     3 |       ||    12
       Iron Shot         |       |       |       |     2 |   291 |   118 ||   411
       Freezing Cloud    |       |       |       |       |   105 |    59 ||   164
Invok: Call Merchant     |       |       |       |     1 |     2 |     2 ||     5
       Potion Petition   |       |       |       |       |     1 |       ||     1
 Abil: Breathe Acid      |       |       |    30 |    24 |    23 |    11 ||    88
Evoke: Wand              |       |       |       |       |     1 |       ||     1
  Use: Potion            |       |     1 |     1 |     1 |     7 |     2 ||    12
       Scroll            |       |       |     4 |    11 |    14 |     7 ||    36
 Stab: Confused          |       |       |       |     6 |     1 |       ||     7
       Sleeping          |       |       |       |     1 |       |       ||     1
Armor: Skin              |    18 |    21 |    50 |   209 |   129 |    40 ||   467
Dodge: Dodged            |    52 |    47 |   100 |   228 |   252 |    78 ||   757
Block: Buckler           |       |       |       |       |    37 |    19 ||    56

Table legend: (Time is in decaauts)
 A = Elapsed time spent in this place.
 B = Non-inter-level travel time spent in this place.
 C = Inter-level travel time spent in this place.
 D = Time resting spent in this place.
 E = Time spent auto-exploring this place.
 F = Levels seen in this place.
 G = Mean time per level.
                   A        B        C        D        E       F      G
               +--------+--------+--------+--------+--------+-----+--------+
         Total |  72261 |  67373 |   4888 |  37384 |  21686 |  28 | 2580.8 |
       Dungeon |  37414 |  34538 |   2876 |  17936 |  12517 |  15 | 2494.3 |
        Temple |    293 |    162 |    131 |      0 |     73 |   1 |  293.0 |
          Lair |  17187 |  15913 |   1274 |   8657 |   5266 |   6 | 2864.5 |
         Swamp |   6689 |   6537 |    152 |   3806 |   2195 |   3 | 2229.7 |
  Orcish Mines |   9210 |   8757 |    453 |   5982 |   1599 |   2 | 4605.0 |
       Volcano |   1467 |   1467 |      0 |   1002 |     35 |   1 | 1467.0 |
               +--------+--------+--------+--------+--------+-----+--------+

Top non-repeatable levels by time:
   Orc:2: 8562 daAuts
     D:9: 4653 daAuts
  Lair:5: 4490 daAuts
    D:13: 4083 daAuts
 Swamp:2: 3314 daAuts
  Lair:6: 3164 daAuts
    D:14: 3116 daAuts
     D:5: 3072 daAuts
 Swamp:1: 2955 daAuts
    D:12: 2768 daAuts
  Lair:4: 2700 daAuts
    D:10: 2517 daAuts
  Lair:2: 2511 daAuts
     D:2: 2471 daAuts
     D:8: 2334 daAuts
